 Dungeon Crawl Stone Soup version 0.31-a0-788-ga445dbd2db (webtiles) character file.

Game seed: 6956583656497588019

11720 CrazyBamboolord the Fighter (level 12, -1/148 HPs)
             Began as a Formicid Fighter on Sept 17, 2023.
             Was a High Priest of Okawaru.
             Slain by a nine-headed hydra (6 damage)
             ... on level 11 of the Dungeon on Sept 18, 2023.
             The game lasted 00:22:55 (11795 turns).

CrazyBamboolord the Fighter (Formicid Fighter)     Turns: 11795, Time: 00:22:55

Health: -1/148     AC: 26    Str: 26    XL:     12   Next: 11%
Magic:  14/16      EV:  2    Int: 14    God:    Okawaru [*****.]
Gold:   176        SH: 13    Dex: 13    Spells: 11/11 levels left

rFire   . . .        b - +6 halberd (freeze)
rCold   . . .        t - +0 kite shield
rNeg    + . .        f - melded +0 swamp dragon scales
rPois   +            (helmet unavailable)
rElec   .            (cloak currently unavailable)
rCorr   .            m - melded +0 pair of gloves
SInv    .            (boots currently unavailable)
Will    +....        (no amulet)
Stlth   +++          i - +6 ring of intelligence
HPRegen 0.44/turn    s - ring of positive energy
MPRegen 0.15/turn

%: no passive effects
@: mighty, tree-form, heroic
A: stationary, stasis, torment immunity, boosted hp, permanent stasis, dig
shafts and tunnels, (antennae 3), four strong arms
a: Renounce Religion, Heroism, Finesse, Duel


You were on level 11 of the Dungeon.
You worshipped Okawaru.
Okawaru was extremely pleased with you.
You were a tree.
You visited 1 branch of the dungeon, and saw 11 of its levels.
You also visited: Ossuary.

You collected 561 gold pieces.
You spent 385 gold pieces at shops.

Inventory:

Hand Weapons
 a - the +5 woodcutter's axe
   (You took it off a gnoll bouda on level 7 of the Dungeon)
 b - a +6 halberd of freezing (weapon)
Missiles
 d - 2 throwing nets
Armour
 f - +0 swamp dragon scales (melded)
 m - a +0 pair of gloves (melded)
 t - a +0 kite shield (worn)
Jewellery
 i - a +6 ring of intelligence (left branch)
 s - a ring of positive energy (right branch)
Wands
 n - a wand of mindburst (14)
 w - a wand of polymorph (14)
 y - a wand of flame (51)
 B - a wand of quicksilver (9)
Scrolls
 c - a scroll of silence
 e - a scroll of noise
 p - a scroll of torment
 x - 3 scrolls of immolation
 z - a scroll of fear
 A - 2 scrolls of vulnerability
Potions
 g - 2 potions of lignification
 h - 2 potions of mutation
 j - a potion of resistance
 k - 2 potions of brilliance {unknown}
 l - a potion of magic {unknown}
 q - a potion of attraction {unknown}
 r - a potion of enlightenment {unknown}
 u - 2 potions of curing
 v - a potion of cancellation


   Skills:
 * Level 10.9(15.9) Fighting
 * Level 9.7(14.7) Polearms
 * Level 10.9(15.9) Armour
 + Level 9.9(14.9) Shields
 + Level 6.1 Invocations


You had 11 spell levels left.
You didn't know any spells.
Your spell library contained the following spells:

 Spells                   Type           Power      Damage    Failure   Level
 Freeze                   Ice            0%         1d3       38%         1
 Wereblood                Tmut           0%         N/A       52%         2
 Frozen Ramparts          Ice            0%         1d1       77%         3
 Hailstorm                Conj/Ice       0%         3d3       77%         3
 Irradiate                Conj/Tmut      0%         3d11      100%        5
 Eringya's Noxious Bog    Tmut/Pois      0%         4d6       100%        6
 Summon Forest            Summ/Tloc      Unusable   N/A       N/A         5
 Malign Gateway           Summ/Tloc      Unusable   N/A       N/A         7
 Summon Hydra             Summ           Unusable   N/A       N/A         7
 Summon Horrible Things   Summ           Unusable   N/A       N/A         8

Dungeon Overview and Level Annotations

Branches:
Dungeon (11/15)            Temple (0/1) D:6            Lair (0/5) D:8
    Orc (0/2) D:10        Ossuary (visited)

Altars:
Ashenzari
Cheibriados
Elyvilon
Gozag
Hepliaklqana
Nemelex Xobeh
Okawaru
Qazlal
Ru
Trog
Vehumet
Wu Jian
Yredelemnul
The Shining One

Shops:
D:2 !   D:6 !   D:8 [


Innate Abilities, Weirdness & Mutations

You are a tree.
Your roots penetrate the ground, keeping you stationary.
You cannot be teleported.
You are immune to unholy pain and torment.
Your maximum health is greatly increased.
Your equipment is partially melded.
You cannot be hasted, slowed, berserked, paralysed or teleported.
You can dig through walls and to a lower floor.
((You have a pair of large antennae on your head. (SInv)))
Your four strong arms can wield two-handed weapons with a shield.


Message History

The nine-headed hydra bites you.
* * * LOW HITPOINT WARNING * * *
You block the nine-headed hydra's attack.
The nine-headed hydra bites you but does no damage. x2
You block the nine-headed hydra's attack. x3
Unknown command.
You gain the combat prowess of a mighty hero.
The nine-headed hydra bites you but does no damage. x2
The nine-headed hydra misses you.
The nine-headed hydra bites you but does no damage. x2
The nine-headed hydra closely misses you.
You block the nine-headed hydra's attack.
The nine-headed hydra bites you but does no damage.
The nine-headed hydra bites you!
* * * LOW HITPOINT WARNING * * *
Unknown command.
You turn into a tree.
Your +0 pair of gloves melds into your body.
Your +0 swamp dragon scales melds into your body.
Your roots penetrate the ground.
The nine-headed hydra bites you.
* * * LOW HITPOINT WARNING * * *
The nine-headed hydra bites you but does no damage.
The nine-headed hydra bites you.
* * * LOW HITPOINT WARNING * * *
The nine-headed hydra bites you but does no damage. x2
The nine-headed hydra barely misses you.
The nine-headed hydra bites you.
* * * LOW HITPOINT WARNING * * *
The nine-headed hydra bites you!
* * * LOW HITPOINT WARNING * * *
The nine-headed hydra bites you but does no damage.
You feel better.
The nine-headed hydra bites you but does no damage. x2
The nine-headed hydra bites you.
* * * LOW HITPOINT WARNING * * *
The nine-headed hydra bites you.
* * * LOW HITPOINT WARNING * * *
You block the nine-headed hydra's attack.
The nine-headed hydra bites you.
You die...

#...# #...
+>.. #.. #..
{ #.# { #.#
#♣# #####D#
#....W# { {
#####.##
#......#
##+##......#
{#...#......#
{
+...'......#
#...#####'##


You could see a nine-headed hydra and a wraith.

Vanquished Creatures
  A centaur warrior (D:8)
  A two-headed ogre (D:10)
  A gargoyle (D:10)
  An unseen horror (D:11)
  Maggie (D:7)
  3 hornets
  A shadow (D:9)
  6 yaks (D:10)
  3 wraiths
  4 wyverns
  Eustachio (D:5)
  3 vampire mosquitoes (D:10)
  3 steam dragons
  Menkaure (D:5)
  3 acid dragons
  5 water moccasins (D:8)
  4 orc warriors
  5 black bears
  Duvessa (D:7)
  An ogre (D:5)
  7 centaurs
  A phantom (D:5)
  5 bullfrogs
  3 necrophages (D:4)
  A scorpion (D:6)
  6 gnoll sergeants
  4 wights
  14 killer bees
  Dowan (D:7)
  8 howler monkeys (D:9)
  4 gnoll boudas
  2 hounds
  5 jellies
  A human zombie (D:4)
  7 orc priests
  A sleepcap (D:5)
  3 iguanas
  12 orc wizards
  3 scorpion zombies (D:4)
  A hound zombie (D:4)
  A mummy (D:4)
  Robin (D:3)
  16 gnolls
  8 adders
  2 white imps
  3 ufetubi
  4 adder zombies
  4 dart slugs
  33 orcs
  12 ball pythons
  3 bats
  7 endoplasms
  4 giant cockroaches
  12 hobgoblins
  15 kobolds
  6 quokkas
  A ball python skeleton (Ossuary)
  3 frilled lizards
  10 goblins
  2 hobgoblin skeletons (Ossuary)
  2 hobgoblin zombies (Ossuary)
  A kobold zombie (Ossuary)
  An orc skeleton (Ossuary)
  An orc zombie (Ossuary)
  2 rats (D:1)
292 creatures vanquished.

Vanquished Creatures (others)
  An iguana (D:6)
1 creature vanquished.

Grand Total: 293 creatures vanquished

Notes
Turn   | Place    | Note
-------+----------+-------------------------------------------
     0 | D:1      | CrazyBamboolord the Formicid Fighter began the quest for
                  | the Orb.
     0 | D:1      | Reached XP level 1. HP: 18/18 MP: 1/1
    92 | D:1      | Found a faded altar of an unknown god.
   121 | D:1      | Reached XP level 2. HP: 17/24 MP: 2/2
   468 | D:1      | Reached XP level 3. HP: 29/29 MP: 3/3
  1239 | D:2      | Reached XP level 4. HP: 35/37 MP: 4/4
  1368 | D:2      | Found Goumiasae's Distillery.
  1383 | D:2      | Bought a potion of heal wounds for 55 gold pieces
  1849 | D:3      | Reached XP level 5. HP: 42/42 MP: 5/5
  2113 | D:3      | Reached XP level 6. HP: 11/42 MP: 6/6
  2159 | D:3      | Noticed Robin
  2170 | D:3      | Killed Robin
  2171 | D:3      | Reached skill level 5 in Shields
  3167 | D:4      | Found a bloodstained altar of Trog.
  3471 | D:4      | Reached skill level 5 in Armour
  3498 | D:4      | Reached skill level 5 in Fighting
  3498 | D:4      | Reached XP level 7. HP: 27/56 MP: 7/7
  3791 | D:4      | Found a basalt altar of Yredelemnul.
  3970 | D:4      | Found a hazy altar of Hepliaklqana.
  4035 | D:5      | Entered Level 5 of the Dungeon
  4048 | D:4      | Reached XP level 8. HP: 46/64 MP: 8/8
  4366 | D:5      | Reached skill level 5 in Polearms
  4438 | D:5      | Found a broken altar of Ashenzari.
  4859 | D:5      | Noticed Menkaure
  4869 | D:5      | Killed Menkaure
  5095 | D:2      | Bought 2 potions of cancellation for 176 gold pieces
  5161 | D:6      | Noticed a wyvern
  5161 | D:6      | Found Iniysej's Distillery.
  5169 | D:6      | Killed a wyvern
  5324 | D:6      | Found an iron altar of Okawaru.
  5336 | D:6      | Reached XP level 9. HP: 68/71 MP: 9/9
  5351 | D:6      | Became a worshipper of Warmaster Okawaru
  5434 | D:6      | Found a staircase to the Ecumenical Temple.
  5491 | D:6      | Found a sand-covered staircase.
  5499 | Ossuary  | Entered an ossuary
  5665 | Ossuary  | Reached skill level 1 in Invocations
  6040 | D:6      | Found an ornate altar of the Wu Jian Council.
  6041 | D:6      | Noticed Eustachio
  6062 | D:6      | Reached * piety under Okawaru
  6090 | D:5      | Killed Eustachio
  6346 | D:6      | Identified the +6 war axe of the Howling Shark {pain, Will+
                  | Dex+3}
  6781 | D:6      | Found a sacrificial altar of Ru.
  6781 | D:6      | Found a glowing golden altar of the Shining One.
  6782 | D:6      | Found a stormy altar of Qazlal.
  6910 | D:6      | Bought a potion of heal wounds for 70 gold pieces
  6956 | D:7      | Found a white marble altar of Elyvilon.
  7038 | D:7      | Noticed Maggie
  7049 | D:7      | Killed Maggie
  7049 | D:7      | Reached ** piety under Okawaru
  7050 | D:7      | Reached XP level 10. HP: 40/80 MP: 10/12
  7446 | D:7      | Found a radiant altar of Vehumet.
  7446 | D:7      | Noticed Dowan
  7447 | D:7      | Noticed Duvessa
  7455 | D:7      | Killed Duvessa
  7456 | D:7      | Killed Dowan
  8071 | D:8      | Reached *** piety under Okawaru
  8199 | D:8      | Noticed a centaur warrior
  8214 | D:8      | Killed a centaur warrior
  8519 | D:8      | Reached **** piety under Okawaru
  8592 | D:8      | Reached XP level 11. HP: 76/89 MP: 14/14
  8635 | D:8      | Found a staircase to the Lair.
  8969 | D:8      | Found Keura's Antique Armour Shop.
  9045 | D:6      | Bought a potion of curing for 42 gold pieces
  9045 | D:6      | Bought a potion of curing for 42 gold pieces
  9165 | D:8      | Found a snail-covered altar of Cheibriados.
  9507 | D:9      | Reached skill level 5 in Invocations
  9517 | D:9      | Reached skill level 10 in Fighting
  9539 | D:9      | Reached skill level 10 in Armour
  9564 | D:9      | Reached ***** piety under Okawaru
  9658 | D:9      | Found an opulent altar of Gozag.
  9815 | D:9      | Found a sparkling altar of Nemelex Xobeh.
 10348 | D:10     | Entered Level 10 of the Dungeon
 10926 | D:10     | Received a gift from Okawaru
 11020 | D:10     | Upgraded the game from 0.31-a0-774-g0d66cbabe8 to
                  | 0.31-a0-788-ga445dbd2db
 11124 | D:10     | Found a staircase to the Orcish Mines.
 11619 | D:10     | Noticed a two-headed ogre
 11623 | D:10     | Killed a two-headed ogre
 11624 | D:10     | Reached XP level 12. HP: 99/99 MP: 16/16
 11776 | D:11     | Noticed an eight-headed hydra
 11794 | D:11     | HP: 5/148 [nine-headed hydra (11)]
 11795 | D:11     | Slain by a nine-headed hydra

Illustrated notes

Levels and vault maps discovered:
D:1:      minmay_arrival_doors, layout_loops_corners,
          ebering_ecumenical_altar_box, kennysheep_boxes
D:2:      layout_rooms, serial_shops, nicolae_shop_tiny_glass
D:3:      layout_basic, serial_rivers, chequers_serial_rivers_small_3,
          chequers_serial_rivers_room_a, chequers_serial_rivers_large_a,
          chequers_serial_rivers_micro_a, chequers_serial_rivers_small_3,
          minmay_misc_feat_plants, kennysheep_potato, uniq_robin
D:4:      layout_rooms, lemuel_coloured_pillars_altar, bloody_trog,
          lemuel_mausoleum_altar_yredelemnul, saegor_snake_ambush
D:5:      layout_cave_pools, evilmike_ruin_ashenzari, uniq_menkaure
D:6:      layout_loops_ring, gammafunk_temple_overflow_claw,
          nicolae_wu_jian_wuxing_cycle, amcnicky_altar_gilded,
          minmay_temple_entry_slanted, lightli_ossuary_entry_decrepit_ruins,
          chequers_serial_rivers_micro_b, nicolae_stop_n_shop_1,
          grunt_ministairs_7, uniq_eustachio
D:7:      layout_basic, vehumet_altar_wand_db, elyvilon_altar_4,
          pf_guarded_unrand_woodcutter, uniq_maggie, uniq_duvessa
D:8:      minmay_slanted_spiral_squares, layout_cave_pods,
          overflow_temple_1_default, due_lair_maze_entry_diamond, serial_shops,
          shop, nicolae_underground_beach
D:9:      layout_roguey, mainiacjoe_overflow_boulevard,
          nemelex_diamond_rough_becter
D:10:     layout_basic, minmay_orc_entry_temple_small
D:11:     layout_basic, gauntlet_entry_generic, minmay_evil_grid

Skill      XL: |  1  2  3  4  5  6  7  8  9 10 11 |
---------------+----------------------------------+-----
Armour         | 4 5 6 8 9 10 | 10.9
Fighting       | 4 5 6 8 9 10 | 10.9
Polearms       | 3 4 5 7 8 9 |  9.7
Shields        | 5 6 7 8 9 |  9.9
Invocations    | 2 4 6 |  6.1

Action                     |  1- 3 |  4- 6 |  7- 9 | 10-12 || total
---------------------------+-------+-------+-------+-------++-------
  Melee: Trident           |    90 |   241 |   233 |       ||   564
         Halberd           |       |       |    69 |   301 ||   370
         Battleaxe         |       |       |       |   133 ||   133
 Invoke: Heroism           |       |       |       |     2 ||     2
Ability: Dig               |     1 |       |     3 |     1 ||     5
  Evoke: Wand              |       |       |       |     1 ||     1
    Use: Potion            |       |     4 |     3 |     7 ||    14
         Scroll            |       |     3 |    12 |     8 ||    23
 Armour: Scale mail        |    45 |   197 |   198 |       ||   440
         Swamp dragon scal |       |       |       |   330 ||   330
         Skin              |       |       |       |    13 ||    13
  Dodge: Dodged            |    22 |   107 |   102 |   177 ||   408
  Block: Buckler           |    11 |    50 |    21 |       ||    82
         Kite shield       |       |       |    90 |   236 ||   326

Table legend: (Time is in decaauts)
 A = Elapsed time spent in this place.
 B = Non-inter-level travel time spent in this place.
 C = Inter-level travel time spent in this place.
 D = Time resting spent in this place.
 E = Time spent auto-exploring this place.
 F = Levels seen in this place.
 G = Mean time per level.
                   A        B        C        D        E       F      G
               +--------+--------+--------+--------+--------+-----+--------+
         Total |  11992 |  11478 |    514 |   1415 |   7470 |  12 |  999.3 |
       Dungeon |  11499 |  10985 |    514 |   1222 |   7440 |  11 | 1045.4 |
       Ossuary |    493 |    493 |      0 |    193 |     30 |   1 |  493.0 |
               +--------+--------+--------+--------+--------+-----+--------+

Top non-repeatable levels by time:
     D:8: 1516 daAuts
     D:4: 1380 daAuts
     D:3: 1343 daAuts
    D:10: 1215 daAuts
     D:1: 1175 daAuts
     D:6: 1066 daAuts
     D:7: 1065 daAuts
     D:9: 1049 daAuts
     D:5: 987 daAuts
     D:2: 588 daAuts
 Ossuary: 493 daAuts
    D:11: 111 daAuts
